 Dungeon Sprint DCSS version 0.29-a0-284-gf9362112df (webtiles) character file.

Game seed: 5743791560257795644

2041 horus123 the Fencer (level 9, -3/95 HPs)
             Began as a Minotaur Fighter on Mar 19, 2022.
             Was a Follower of Jiyva.
             Slain by a komodo dragon (10 damage)
             ... while petrified
             ... in the Dungeon (Sprint IX: "|||||||||||||||||||||||||||||").
             The game lasted 00:04:30 (849 turns).

horus123 the Fencer (Minotaur Fighter)               Turns: 849, Time: 00:04:30

Health: -3/95      AC: 17    Str: 24    XL:     9   Next: 4%
Magic:  8/8        EV:  2    Int:  5    God:    Jiyva [*.....]
Gold:   0          SH:  0    Dex: 14    Spells: 8/8 levels left

rFire   . . .      SeeInvis .   m - +2 scimitar (holy)
rCold   . . .      Faith    .   c - +0 buckler
rNeg    + + +      Spirit   .   p - +1 chain mail
rPois   ∞          Reflect  .   (helmet restricted)
rElec   .          Harm     .   n - +0 cloak
rCorr   .          Rampage  .   (no gloves)
Will    .....      NoTele   +   (no boots)
Stlth   ..........              (no amulet)
HPRegen 1.05/turn               q - +2 ring of protection
MPRegen 0.36/turn               b - +3 ring of dexterity

@: mighty, petrified
A: horns 2, retaliatory headbutt
a: Renounce Religion


You were in the Dungeon.
You worshipped Jiyva.
Jiyva was aware of your devotion.
You visited 1 branch

Inventory:

Hand Weapons
 a - a +0 long sword
 m - a +2 scimitar of holy wrath (weapon)
Armour
 c - a +0 buckler (worn)
 d - +0 acid dragon scales
 n - a +0 cloak (worn)
 o - a +0 helmet
 p - a +1 chain mail (worn)
Jewellery
 b - a +3 ring of dexterity (right hand)
 q - a +2 ring of protection (left hand)
Wands
 l - a wand of iceblast (10)
Scrolls
 j - 4 scrolls of blinking
 k - 2 scrolls of amnesia
 t - a scroll of identify
 u - 2 scrolls of fog
 v - a scroll of fear
Potions
 e - 8 potions of curing
 f - 2 potions of heal wounds
 g - a potion of haste
 h - 4 potions of magic
 i - a potion of invisibility
 r - a potion of might
 s - a potion of attraction


   Skills:
 - Level 14.2 Fighting
 - Level 16.1 Long Blades
 - Level 12.3 Armour
 + Level 3.6 Shields


You had 8 spell levels left.
You didn't know any spells.
Your spell library was empty.

Dungeon Overview and Level Annotations

Branches:
Dungeon (1/1)

Altars:
Cheibriados
Dithmenos
Elyvilon
Fedhas
Gozag
Hepliaklqana
Kikubaaqudgha
Makhleb
Nemelex Xobeh
Okawaru
Qazlal
Ru
Sif Muna
Trog
Uskayaw
Vehumet
Wu Jian
Xom
Yredelemnul
Zin
The Shining One
Beogh
Jiyva
Lugonu


Innate Abilities, Weirdness & Mutations

You have a pair of horns on your head.
You reflexively headbutt those who attack you in melee.


Message History

The catoblepas breathes a plume of calcifying dust at you.
The blast of calcifying dust hits you but does no damage.
You are engulfed in calcifying dust.
The catoblepas gores you!
* * * LOW HITPOINT WARNING * * *
You turn to flesh and can move again.
You feel much better.
The catoblepas breathes a plume of calcifying dust at you.
The blast of calcifying dust hits you.
* * * LOW HITPOINT WARNING * * *
You slash the catoblepas!
You kill the catoblepas!
You are engulfed in calcifying dust.
You are slowing down.
The komodo dragon hisses menacingly.
Your Armour skill gained 4 levels and is now at level 12!
You have reached level 9!
Your experience leads to an increase in your attributes!
Your base attributes are Str 22, Int 5, Dex 11.
Increase (S)trength, (I)ntelligence, or (D)exterity?
You feel stronger. x2
You slash the komodo dragon! Your headbutt misses the komodo dragon.
The komodo dragon is lightly wounded.
You are engulfed in calcifying dust.
Your limbs have turned to stone.
You block the komodo dragon's attack.
You have turned to stone.
You are engulfed in calcifying dust.
The komodo dragon bites you.
* * * LOW HITPOINT WARNING * * *
You are engulfed in calcifying dust.
The komodo dragon bites you!!
* * * LOW HITPOINT WARNING * * *
The komodo dragon bites you!
* * * LOW HITPOINT WARNING * * *
The bullfrog croaks.
A yak comes into view.
The komodo dragon bites you!
* * * LOW HITPOINT WARNING * * *
The komodo dragon bites you but does no damage.
An elephant comes into view.
The komodo dragon bites you.
* * * LOW HITPOINT WARNING * * *
The komodo dragon bites you!!
You die...

▓.▓.▓.▓
▓.▓.▓.▓
▓.▓.▓)▓
▓.▓.▓.▓
▓'▓.▓.▓
▓_▓.▓.▓
▓_▓.▓.▓
▓_▓.▓.▓
▓_▓.▓@▓
▓_▓.▓l▓
▓_▓.▓S▓
▓_▓.▓F▓
▓_▓.▓Y▓
▓_▓.▓.▓
▓_▓.▓Y▓
▓_▓.▓.▓
▓_▓.▓


You could see an elephant, a komodo dragon, a yak, a water moccasin and a
bullfrog.

Vanquished Creatures
  A catoblepas (D)
  An ugly thing (D)
  An unseen horror (D)
  A yak (D)
  3 acid dragons (D)
  A water moccasin (D)
  A centaur (D)
  A bullfrog (D)
  A scorpion (D)
  A wight (D)
  A killer bee (D)
  2 howler monkeys (D)
  2 hounds (D)
  An adder (D)
  A dart slug (D)
  A giant cockroach (D)
  A hobgoblin (D)
  A quokka (D)
  A kobold (D)
23 creatures vanquished.

Vanquished Creatures (others)
  A great orb of eyes (D)
  A glowing orange brain (D)
  A deep troll (shapeshifter) (D)
  A salamander (shapeshifter) (D)
  An eye of devastation (shapeshifter) (D)
  An unseen horror (D)
  4 slime creatures (D)
  A centaur (D)
  A jelly (D)
12 creatures vanquished.

Grand Total: 35 creatures vanquished

Notes
Turn   | Place    | Note
-------+----------+-------------------------------------------
     0 | D        | horus123 the Minotaur Fighter began the quest for the Orb.
     0 | D        | Reached XP level 1. HP: 19/19 MP: 0/0
     7 | D        | Reached skill level 5 in Fighting
    19 | D        | Noticed a scorpion
    19 | D        | Noticed a hound
    19 | D        | Noticed a centaur
    19 | D        | Noticed a hound
    24 | D        | Killed a scorpion
    25 | D        | Reached skill level 10 in Fighting
    25 | D        | Reached XP level 2. HP: 38/38 MP: 1/1
    25 | D        | Reached XP level 3. HP: 45/45 MP: 2/2
    26 | D        | Reached XP level 4. HP: 55/55 MP: 3/3
    28 | D        | Killed a centaur
    29 | D        | Reached XP level 5. HP: 64/64 MP: 4/4
   106 | D        | Found a snail-covered altar of Cheibriados.
   106 | D        | Found a shadowy altar of Dithmenos.
   106 | D        | Found a white marble altar of Elyvilon.
   106 | D        | Found a blossoming altar of Fedhas.
   106 | D        | Found an opulent altar of Gozag.
   107 | D        | Found a hazy altar of Hepliaklqana.
   108 | D        | Found a viscous altar of Jiyva.
   109 | D        | Found an ancient bone altar of Kikubaaqudgha.
   110 | D        | Found a corrupted altar of Lugonu.
   111 | D        | Found a burning altar of Makhleb.
   112 | D        | Found a sparkling altar of Nemelex Xobeh.
   113 | D        | Found an iron altar of Okawaru.
   114 | D        | Found a stormy altar of Qazlal.
   115 | D        | Found a sacrificial altar of Ru.
   116 | D        | Found a shimmering blue altar of Sif Muna.
   117 | D        | Found a bloodstained altar of Trog.
   118 | D        | Found a hide-covered altar of Uskayaw.
   119 | D        | Found a radiant altar of Vehumet.
   120 | D        | Found an ornate altar of the Wu Jian Council.
   121 | D        | Found a shimmering altar of Xom.
   122 | D        | Found a basalt altar of Yredelemnul.
   123 | D        | Found a glowing silver altar of Zin.
   124 | D        | Found a glowing golden altar of the Shining One.
   182 | D        | Became a worshipper of Jiyva Jiobuza the Shapeless
   183 | D        | Killed a slime creature
   183 | D        | Killed a glowing orange brain
   183 | D        | Killed a great orb of eyes
   184 | D        | Killed a slime creature
   184 | D        | Killed a slime creature
   187 | D        | Killed a large slime creature
   193 | D        | Killed a deep troll
   235 | D        | Noticed an acid dragon
   235 | D        | Noticed an acid dragon
   240 | D        | Reached skill level 4 in Long Blades
   246 | D        | Killed an acid dragon
   247 | D        | Reached skill level 9 in Long Blades
   247 | D        | Reached XP level 6. HP: 54/74 MP: 5/5
   253 | D        | Killed an acid dragon
   254 | D        | Reached skill level 10 in Long Blades
   262 | D        | Reached skill level 11 in Long Blades
   262 | D        | Reached XP level 7. HP: 44/81 MP: 6/6
   264 | D        | Reached skill level 12 in Long Blades
   269 | D        | Killed a salamander
   412 | D        | Killed an eye of devastation
   413 | D        | Noticed a purple ugly thing
   416 | D        | Killed an unseen horror
   416 | D        | Killed an unseen horror
   417 | D        | Reached skill level 13 in Long Blades
   433 | D        | Killed a purple ugly thing
   434 | D        | Reached skill level 16 in Long Blades
   434 | D        | Reached XP level 8. HP: 29/89 MP: 7/7
   717 | D        | Reached * piety under Jiyva
   797 | D        | Noticed a komodo dragon
   798 | D        | Noticed a catoblepas
   832 | D        | HP: 3/89 [catoblepas (3)]
   834 | D        | HP: 1/89 [catoblepas/blast of calcifying dust (4)]
   839 | D        | HP: 4/89 [catoblepas (3)]
   841 | D        | Killed a catoblepas
   842 | D        | Reached XP level 9. HP: 27/95 MP: 8/8
   848 | D        | Noticed an elephant
   849 | D        | Slain by a komodo dragon

Illustrated notes

Levels and vault maps discovered:
D:        linesprint [early_d, line_temple, items_1, d_10, items_2, lair_1,
          lair_end, items_3, orc_1, orc_end, items_4, d_15, swamp_1, shoals_1,
          snake_1, spider_1, d_20, vaults_1, items_5, swamp_end, shoals_end,
          snake_end, spider_end, vaults_end, d_27, items_6, zot_1, zot_end,
          crypt_end, forest_end, elf_end, slime_end, tomb_end, abyss_end,
          pan_hell_end]

Skill      XL: |  1  2  3  4  5  6  7  8 |
---------------+-------------------------+-----
Fighting       | 10 11 13 14 | 14.2
Long Blades    | 9 11 16 | 16.1
Armour         | 12 | 12.3
Shields        | |  3.6

Action                   |  1- 3 |  4- 6 |  7- 9 || total
-------------------------+-------+-------+-------++-------
Melee: Long sword        |    14 |    25 |       ||    39
       Headbutt          |       |     7 |     9 ||    16
       Scimitar          |       |       |    50 ||    50
  Use: Potion            |     1 |     3 |     2 ||     6
Armor: Scale mail        |     6 |     2 |       ||     8
       Chain mail        |       |     6 |    17 ||    23
Dodge: Dodged            |     5 |     6 |     4 ||    15
Block: Buckler           |     4 |     6 |    11 ||    21

Table legend: (Time is in decaauts)
 A = Elapsed time spent in this place.
 B = Non-inter-level travel time spent in this place.
 C = Inter-level travel time spent in this place.
 D = Time resting spent in this place.
 E = Time spent auto-exploring this place.
 F = Levels seen in this place.
 G = Mean time per level.
                   A        B        C        D        E       F      G
               +--------+--------+--------+--------+--------+-----+--------+
         Total |    849 |    849 |      0 |    466 |      0 |   1 |  849.0 |
       Dungeon |    849 |    849 |      0 |    466 |      0 |   1 |  849.0 |
               +--------+--------+--------+--------+--------+-----+--------+

Top non-repeatable levels by time:
       D: 849 daAuts
